 Dungeon Crawl Stone Soup version bcrawl-1.36.2 (webtiles) character file.

Game seed: 1967525815518056063

319205 Morbidden the Blocker (level 10, -18/81 HPs)
             Began as a Demigod Fighter on May 20, 2022.
             Demolished by an orc warrior
             ... wielding a +0 dire flail
              (21 damage)
             ... on level 9 of the Dungeon.
             The game lasted 00:16:10 (9293 turns).

Morbidden the Blocker (Demigod Fighter)             Turns: 9293, Time: 00:16:11

Health: -18/81     AC: 17    Str: 24    XL:     10   Next: 74%
Magic:  19/19      EV:  6    Int: 15    God:    Demigod [*****.]
Gold:   694        SH: 20    Dex: 18    Spells: 16/16 levels left

rFire    . . .     SeeInvis .   a - +1 long sword (flame)
rCold    . . .     Gourm    .   c - +1 medium shield
rNeg     . . .     Faith    .   x - +0 plate armour
rPois    .         Spirit   .   q - +2 helmet {Int+3}
rElec    .         Reflect  +   z - scarf {clouds}
rCorr    .                      j - +0 pair of gloves
MR       +....                  h - +0 pair of boots
Stlth    ..........             C - +4 amulet of reflection
HPRegen  0.23/turn              v - ring of flight
MPRegen  0.16/turn              (no ring)

@: no status effects
A: high mp 1
a: Temporal Distortion, Growth, Major Destruction, Heroism, Divine Shield, Evoke
Fog, Evoke Flight


You were on level 9 of the Dungeon.
You worshipped Demigod.
Demigod was extremely pleased with you.
You were very hungry.

You visited 1 branch of the dungeon, and saw 9 of its levels.
You also visited: Sewer and Ossuary.

You collected 694 gold pieces.

Inventory:

Hand Weapons
 a - a +1 long sword of flaming (weapon)
 b - a +2 dagger of flaming
Missiles
 r - 37 poisoned tomahawks (quivered)
Armour
 c - a +1 medium shield (worn)
 h - a +0 pair of boots (worn)
 j - a +0 pair of gloves (worn)
 p - a +0 large shield
 q - a +2 helmet of intelligence (worn)
 x - a +0 plate armour (worn)
 z - a scarf of clouds (worn)
Jewellery
 v - a ring of flight (left hand)
 C - a +4 amulet of reflection (around neck)
Wands
 g - a wand of flame (32)
 k - a wand of clouds (4)
 y - a wand of digging (11)
 D - a wand of iceblast (11)
 E - a wand of disintegration (9)
Scrolls
 i - 3 scrolls of identify
 l - 3 scrolls of remove curse
 m - 3 scrolls of teleportation
 n - 3 scrolls of enchant armour
 s - 7 scrolls of amnesia
 u - 5 scrolls of magic mapping
 B - a scroll of silence {unknown}
 F - 3 scrolls of enchant weapon
 H - a scroll of immolation
 K - 2 scrolls of fog
Potions
 d - 2 potions of heal wounds {unknown}
 f - 3 potions of curing
 o - 2 potions of degeneration {unknown}
 t - 2 potions of mutation {unknown}
 w - 3 potions of brilliance {unknown}
 A - 3 potions of lignification {unknown}
 G - a potion of might
 I - a potion of cancellation {unknown}
 J - a potion of agility {unknown}
 L - a potion of resistance {unknown}
Comestibles
 e - 14 rations {!d}


   Skills:
 * Level 5.0 Fighting
 * Level 4.5(6.6) Short Blades
 * Level 7.4(8.0) Long Blades
 + Level 1.1 Throwing
 * Level 4.9 Armour
 * Level 4.0 Dodging
 + Level 0.2 Stealth
 * Level 8.1 Shields
 * Level 3.7 Spellcasting
 * Level 6.2 Invocations


You had 16 spell levels left.
You didn't know any spells.
Your spell library was empty.

Dungeon Overview and Level Annotations

Branches:
Dungeon (9/12)             Temple (0/1) D:4            Lair (0/6) D:9
    Orc: D:8-11

Shops:
D:5 %   D:8 (%[[   D:9 }

Annotations:
D:8 1 runed translucent door, corax's ghost, novice GnAc


Innate Abilities, Weirdness & Mutations

You have an increased reservoir of magic. (+10% MP)


Message History

* * * LOW HITPOINT WARNING * * *
No path to travel!
You hit the orc warrior but do no damage.
The orc warrior is severely wounded.
The harpy skeleton claws you but does no damage.
You block the harpy skeleton's attack. The harpy skeleton claws you.
* * * LOW HITPOINT WARNING * * *
The harpy skeleton claws you.
* * * LOW HITPOINT WARNING * * *
You block the harpy skeleton's attack. x2
The orc warrior hits you with a +0 dire flail.
* * * LOW HITPOINT WARNING * * *
You hit the orc warrior but do no damage.
The orc warrior is severely wounded.
You block the harpy skeleton's attack. The harpy skeleton claws you.
* * * LOW HITPOINT WARNING * * *
You block the harpy skeleton's attack. x2
The orc warrior hits you with a +0 dire flail!!
You die...
Your divinity fades.

...........#....#
#######....#....#.......
#....#....#.......
#....#....+.......
#....#....#.......
#....#....#.......
#....#..)†#.....
######+#.)#..#####
#.†@o...... #...Z......
#.......... #..........
#.......... #..........
#.......... #..........


You could see an orc warrior and a harpy skeleton.

Vanquished Creatures
  A komodo dragon (D:9)
  Prince Ribbit (D:6)
  Grinder (D:4)
  A harpy skeleton (D:9)
  3 hippogriffs
  8 yaks (D:9)
  A spriggan (D:7)
  A hungry ghost (D:9)
  Duvessa (D:6)
  An orc warrior (D:4)
  2 ice beasts
  3 sky beasts
  3 phantoms
  A black bear (D:9)
  3 ogres
  A hornet zombie (D:6)
  4 bullfrogs
  Blork the orc (D:6)
  Dowan (D:6)
  A centaur (D:9)
  A wyvern skeleton (D:9)
  A water moccasin skeleton (D:9)
  3 scorpions
  A wight (D:3)
  7 orc priests
  2 howler monkeys
  2 crimson imps
  2 quasits
  2 jellies
  3 hounds
  2 bullfrog skeletons
  3 iguanas
  Natasha (thrice) (D:4)
  7 orc wizards
  5 worker ants
  A hound skeleton (D:8)
  14 mummies (Ossuary)
  A howler monkey zombie (D:6)
  Robin (D:2)
  A worker ant zombie (D:5)
  A howler monkey skeleton (D:5)
  13 adders
  11 oozes
  4 worms
  A dart slug (D:3)
  9 leopard geckos
  39 orcs
  6 bats (D:1)
  10 giant cockroaches (Sewer)
  15 goblins
  9 hobgoblins
  8 jackals
  8 quokkas
  9 ball pythons
  20 frilled lizards
  2 gnoll skeletons (Ossuary)
  3 goblin skeletons (Ossuary)
  8 kobolds
  3 orc skeletons (Ossuary)
  A quokka zombie (D:6)
  6 rats
  11 rat skeletons (Ossuary)
298 creatures vanquished.

Vanquished Creatures (collateral kills)
  An orc priest (D:8)
  An iguana (D:8)
  An orc (D:8)
3 creatures vanquished.

Vanquished Creatures (others)
  A centaur (D:4)
1 creature vanquished.

Grand Total: 302 creatures vanquished

Notes
Turn   | Place    | Note
-------+----------+-------------------------------------------
     0 | D:1      | Morbidden the Demigod Fighter began the quest for the Orb.
     0 | D:1      | Reached XP level 1. HP: 18/18 MP: 3/3
   127 | D:1      | Reached XP level 2. HP: 25/25 MP: 4/4
   208 | D:1      | Found a shimmering altar of Xom.
   273 | D:1      | Reached skill level 3 in Shields
   579 | D:2      | Found a stormy altar of Qazlal.
   579 | D:2      | Found an ancient bone altar of Kikubaaqudgha.
   699 | D:2      | Reached XP level 3. HP: 30/30 MP: 5/5
   703 | D:2      | Reached * piety under Demigod
   892 | D:2      | Noticed Robin
   910 | D:2      | Killed Robin
  1184 | D:2      | Reached skill level 1 in Dodging
  1184 | D:2      | Reached XP level 4. HP: 38/38 MP: 6/6
  1838 | D:3      | Reached ** piety under Demigod
  1866 | D:3      | Reached skill level 1 in Invocations
  1866 | D:3      | Reached XP level 5. HP: 29/45 MP: 8/8
  1976 | D:3      | Reached skill level 1 in Spellcasting
  2259 | D:3      | Found a faded altar of an unknown god.
  2291 | D:3      | Found a white marble altar of Elyvilon.
  2354 | D:3      | Reached XP level 6. HP: 51/51 MP: 10/10
  2488 | D:4      | Noticed an orc warrior
  2498 | D:4      | Killed an orc warrior
  2719 | D:4      | Reached skill level 4 in Shields
  2881 | D:4      | Found a staircase to the Ecumenical Temple.
  2895 | D:4      | Found a burning altar of Makhleb.
  2962 | D:4      | Reached skill level 1 in Short Blades
  2962 | D:4      | Reached XP level 7. HP: 50/57 MP: 11/11
  3228 | D:4      | Noticed Natasha
  3268 | D:4      | Killed Natasha
  3413 | D:4      | Noticed Grinder
  3420 | D:4      | Paralysed by Grinder for 4 turns
  3433 | D:4      | Paralysed by Grinder for 4 turns
  3440 | D:4      | Killed Grinder
  3472 | D:4      | Noticed Natasha
  3484 | D:4      | Killed Natasha
  3650 | D:4      | Reached *** piety under Demigod
  3741 | D:4      | Noticed Natasha
  3770 | D:4      | Killed Natasha
  3771 | D:4      | Reached XP level 8. HP: 61/63 MP: 13/13
  3944 | D:5      | Entered Level 5 of the Dungeon
  3954 | D:5      | Reached skill level 5 in Shields
  4214 | D:6      | Found a glowing drain.
  4270 | Sewer    | Entered a sewer
  4616 | Sewer    | Reached **** piety under Demigod
  4947 | D:6      | Noticed Duvessa
  4947 | D:6      | Noticed Dowan
  4966 | D:6      | Killed Duvessa
  4967 | D:6      | Reached skill level 6 in Shields
  4981 | D:6      | Killed Dowan
  4990 | D:6      | Noticed Blork the orc
  5090 | D:5      | Reached XP level 9. HP: 47/71 MP: 15/15
  5452 | D:5      | Found Looqofoi's Food Emporium.
  5539 | D:5      | Found a shimmering blue altar of Sif Muna.
  5594 | D:6      | Killed Blork the orc
  5728 | D:6      | Found a bloodstained altar of Trog.
  5764 | D:6      | Reached skill level 1 in Throwing
  5790 | D:6      | Noticed Prince Ribbit
  5803 | D:6      | Reached skill level 5 in Long Blades
  5819 | D:6      | Killed Prince Ribbit
  5847 | D:6      | Got a translucent brass ring
  5848 | D:6      | Identified the ring of Giquh {*Corrode +Fly Int+4} (You
                  | found it on level 6 of the Dungeon)
  5914 | D:6      | Found a snail-covered altar of Cheibriados.
  6430 | D:7      | Found a hazy altar of Hepliaklqana.
  6474 | D:7      | Found a basalt altar of Yredelemnul.
  6502 | D:7      | Reached skill level 7 in Shields
  6979 | D:7      | Found a corrupted altar of Lugonu.
  6992 | D:7      | Found a glowing golden altar of the Shining One.
  7043 | D:8      | Reached skill level 5 in Invocations
  7058 | D:8      | Found Kiqut's Antique Armour Shoppe.
  7095 | D:8      | Found Gyemu's Food Emporium.
  7096 | D:8      | Reached ***** piety under Demigod
  7123 | D:8      | Found Miewn's Antique Weapon Shop.
  7145 | D:8      | Found a sand-covered staircase.
  7155 | Ossuary  | Entered an ossuary
  7616 | D:8      | Reached XP level 10. HP: 48/80 MP: 18/18
  7856 | D:8      | Found a runed translucent door.
  7857 | D:8      | Noticed corax's ghost (novice GnAc)
  7867 | D:8      | Found Xoenkot's Armour Boutique.
  8575 | D:9      | Reached skill level 8 in Shields
  8929 | D:9      | Found a staircase to the Lair.
  9091 | D:9      | Reached skill level 5 in Fighting
  9238 | D:9      | Found Rirphol's Gadget Boutique.
  9293 | D:9      | HP: 3/81 [harpy skeleton (3)]
  9293 | D:9      | Demolished by an orc warrior

Skill      XL: |  1  2  3  4  5  6  7  8  9 10 |
---------------+-------------------------------+-----
Long Blades    | 2 3 4 6 7 |  7.4
Shields        | 3 4 6 7 8 |  8.1
Armour         | 3 4 |  4.9
Fighting       | 3 4 5 |  5.0
Dodging        | 1 2 3 4 |  4.0
Invocations    | 1 2 3 4 5 6 |  6.2
Spellcasting   | 1 2 3 |  3.7
Short Blades   | 1 2 3 4 |  4.5
Throwing       | 1 |  1.1
Stealth        | |  0.2

Action                   |  1- 3 |  4- 6 |  7- 9 | 10-12 || total
-------------------------+-------+-------+-------+-------++-------
Melee: Long sword        |   131 |   132 |   384 |   238 ||   885
       Dagger            |       |    35 |   607 |       ||   642
Throw: Tomahawk          |       |     5 |    12 |       ||    17
Invok: Heroism           |       |       |     2 |     1 ||     3
  Use: Potion            |       |     2 |       |       ||     2
       Scroll            |       |     1 |    14 |     1 ||    16
  Eat: Chunk             |     5 |    11 |    37 |     6 ||    59
       Ration            |       |       |     1 |     2 ||     3
Armor: Scale mail        |    60 |    60 |       |       ||   120
       Plate armour      |       |    22 |   507 |    85 ||   614
Dodge: Dodged            |    27 |    28 |   100 |    35 ||   190
Block: Medium shield     |    71 |   103 |   844 |   229 ||  1247
       Reflection        |       |     2 |     3 |     7 ||    12
